 Dungeon Crawl Stone Soup version 0.29.1 (webtiles) character file.

Game seed: 11223490299871954187

4085 groovy9 the Grappler (level 10, -2/91 HPs)
             Began as a Troll Fighter on Sept 12, 2022.
             Was an Initiate of Wu Jian.
             Slain by a ten-headed hydra (9 damage)
             ... on level 7 of the Dungeon.
             The game lasted 00:18:10 (5418 turns).

groovy9 the Grappler (Troll Fighter)                Turns: 5418, Time: 00:18:11

Health: -2/91      AC:  8    Str: 26    XL:     10   Next: 5%
Magic:  0/9        EV:  8    Int:  8    God:    Wu Jian [......]
Gold:   361        SH:  7    Dex:  9    Spells: 9/9 levels left

rFire   . . .      SeeInvis .     - Unarmed
rCold   + . .      Faith    .   b - +0 kite shield
rNeg    . . .      Spirit   +   w - +2 robe {Will+}
rPois   .          Reflect  .   (helmet restricted)
rElec   .          Harm     .   m - +1 cloak {rCorr}
rCorr   +          Rampage  .   (gloves unavailable)
Will    +....                   (boots unavailable)
Stlth   +.........              A - amulet of guardian spirit
HPRegen 1.05/turn               n - ring of resist corrosion
MPRegen 0.11/turn               y - ring of protection from cold

@: about to teleport
A: large, unfitting armour, claws 3, regeneration 1, shaggy fur 1, tough skin 1
a: Renounce Religion


You were on level 7 of the Dungeon.
You worshipped Wu Jian.
Wu Jian was noncommittal.
You visited 2 branches of the dungeon, and saw 8 of its levels.

You collected 361 gold pieces.

Inventory:

Missiles
 k - 12 poisoned darts
 o - 9 large rocks (quivered)
 t - 2 throwing nets
 v - 2 boomerangs
Armour
 b - a +0 kite shield (worn)
 m - a +1 cloak of preservation (worn)
 r - +0 steam dragon scales
 w - a +2 robe of willpower (worn)
Jewellery
 n - a ring of resist corrosion (left claw)
 s - a ring of flight
 y - a ring of protection from cold (right claw)
 A - an amulet of guardian spirit (around neck)
Wands
 a - a wand of paralysis (8)
 f - a wand of digging (4)
 p - a wand of iceblast (27)
Scrolls
 g - 2 scrolls of poison
 B - 2 scrolls of noise {unknown}
 D - a scroll of identify
Potions
 c - 3 potions of might
 e - a potion of lignification
 h - a potion of ambrosia {unknown}
 i - a potion of haste {unknown}
 j - a potion of invisibility {unknown}
 l - a potion of brilliance {unknown}
 q - 3 potions of curing
 u - 2 potions of cancellation
 x - a potion of magic {unknown}
 z - 2 potions of heal wounds {unknown}
 C - a potion of mutation {unknown}


   Skills:
 - Level 3.0 Fighting
 + Level 7.3 Throwing
 - Level 2.9 Dodging
 - Level 3.2 Shields
 + Level 11.7 Unarmed Combat


You had 9 spell levels left.
You didn't know any spells.
Your spell library contained the following spells:

 Spells                   Type           Power      Damage    Failure   Level
 Freeze                   Ice            0%         1d3       71%         1
 Magic Dart               Conj           0%         1d3       71%         1
 Sandblast                Erth           0%         2d4       71%         1
 Summon Small Mammal      Summ           0%         N/A       71%         1
 Passwall                 Tmut/Erth      0%         N/A       83%         2
 Searing Ray              Conj           0%         2d4       83%         2
 Call Canine Familiar     Summ           0%         N/A       97%         3
 Confusing Touch          Hex            0%         N/A       97%         3
 Frozen Ramparts          Ice            0%         1d1       97%         3
 Stone Arrow              Conj/Erth      0%         3d7       97%         3
 Summon Guardian Golem    Hex/Summ       0%         N/A       97%         3
 Fulminant Prism          Conj/Hex       0%         3d6       100%        4
 Hailstorm                Conj/Ice       0%         3d3       100%        4
 Summon Lightning Spire   Summ/Air       0%         N/A       100%        4
 Yara's Violent Unravell  Hex/Tmut       0%         3d3       100%        5
 Enfeeble                 Hex            0%         N/A       100%        7
 Storm Form               Tmut/Air       0%         N/A       100%        7
 Maxwell's Capacitive Co  Air            0%         ∞         100%        8


Dungeon Overview and Level Annotations

Branches:
Dungeon (7/15)             Temple (1/1) D:7

Altars:
Cheibriados
Dithmenos
Fedhas
Gozag
Hepliaklqana
Kikubaaqudgha
Makhleb
Nemelex Xobeh
Okawaru
Qazlal
Ru
Sif Muna
Trog
Vehumet
Wu Jian
Xom
Yredelemnul

Shops:
D:3 *


Innate Abilities, Weirdness & Mutations

You are too large for most types of armour.
You have claws for hands.
Your natural rate of healing is unusually fast.
You are covered in fur. (AC +1)
You have tough skin. (AC +1)


Message History

The ten-headed hydra completely misses you.
The ten-headed hydra bites you.
The ten-headed hydra bites you but does no damage.
The ten-headed hydra bites you!
A gargoyle comes into view. It is wielding a +0 dire flail.
The howler monkey hoots and howls with incredible vigour!
You are too injured to fight recklessly!
You are too injured to fight recklessly!
You are too injured to fight recklessly!
You are too injured to fight recklessly!
You are too injured to fight recklessly!
You are too injured to fight recklessly!
You are too injured to fight recklessly!
You are too injured to fight recklessly!
You are too injured to fight recklessly!
You are too injured to fight recklessly!
You are too injured to fight recklessly!
You are too injured to fight recklessly!
You are too injured to fight recklessly!
You are too injured to fight recklessly!
You are too injured to fight recklessly!
You are too injured to fight recklessly!
You are too injured to fight recklessly!
As you read the scroll of teleportation, it crumbles to dust.
You feel strangely unstable.
The ten-headed hydra completely misses you.
The ten-headed hydra barely misses you. x2; The ten-headed hydra bites you! x3
* * * LOW HITPOINT WARNING * * *
You block the ten-headed hydra's attack.
The ten-headed hydra barely misses you. x2; The ten-headed hydra bites you.
* * * LOW HITPOINT WARNING * * *
You block the howler monkey's attack.
The ten-headed hydra attacks as you move away!
You block the ten-headed hydra's attack. x2
The ten-headed hydra bites you!
* * * LOW HITPOINT WARNING * * *
The ten-headed hydra bites you.
* * * LOW HITPOINT WARNING * * *
The ten-headed hydra bites you!
You die...

#...##.##.# #....## #.### ##
#.####.##.###.##.####.^.##..
#......................).#.#
#..#####################....
#†.# .$#.#.#.#.#.#..#. #..#
#.# ..#.#...#.... #..#
#.###...#..##.#.#
#..#.###.###.#.....#...#...#
#..#.....lD@.......#...#.#.#
#..#.###.###h####....###.#.#
#..# #9#.........#.#.# #..#
#.##..#.#...#.... #..#
..#...#.#.#.#.#.. #..#
#######)#####.... #..#
#.....)...#.### #..#
#....#....#.... #..#
#..#...#..# ###


You could see a ten-headed hydra, a wyvern, a gargoyle and a howler monkey
(catching breath).

Vanquished Creatures
  A two-headed ogre (D:7)
  Sigmund (D:5)
  A wyvern (D:7)
  2 steam dragons
  An acid dragon (D:6)
  Edmund (D:5)
  An ice beast (D:5)
  2 orc warriors
  2 sky beasts
  2 ogres
  2 centaurs
  Blork the orc (D:6)
  A bullfrog (D:7)
  6 scorpions
  5 wights (D:4)
  6 killer bees (D:7)
  A howler monkey (D:7)
  7 hounds
  2 jellies
  An orc priest (D:7)
  Crazy Yiuf (D:2)
  A gnoll bouda (D:4)
  4 iguanas
  Jessica (D:2)
  Terence (D:2)
  5 orc wizards
  6 adders
  3 gnolls (D:4)
  2 shadow imps
  2 ufetubi
  A worm (D:2)
  7 dart slugs
  28 orcs
  8 ball pythons
  3 bats
  12 endoplasms
  A giant cockroach (D:2)
  11 goblins
  8 hobgoblins
  4 jackals (D:2)
  8 quokkas
  5 frilled lizards
  7 kobolds
  6 rats
181 creatures vanquished.

Notes
Turn   | Place    | Note
-------+----------+-------------------------------------------
     0 | D:1      | groovy9 the Troll Fighter began the quest for the Orb.
     0 | D:1      | Reached XP level 1. HP: 22/22 MP: 0/0
    98 | D:1      | Reached XP level 2. HP: 29/29 MP: 1/1
   187 | D:1      | Found a faded altar of an unknown god.
   239 | D:1      | Reached XP level 3. HP: 36/36 MP: 2/2
   584 | D:2      | Noticed Terence
   599 | D:2      | Killed Terence
   600 | D:2      | Reached XP level 4. HP: 15/45 MP: 3/3
   798 | D:2      | Reached skill level 3 in Unarmed Combat
   863 | D:2      | Noticed Jessica
   871 | D:2      | Killed Jessica
  1110 | D:2      | Found a runed translucent door.
  1111 | D:2      | Noticed Crazy Yiuf
  1120 | D:2      | Killed Crazy Yiuf
  1121 | D:2      | Reached skill level 4 in Unarmed Combat
  1121 | D:2      | Reached XP level 5. HP: 27/53 MP: 4/4
  1270 | D:3      | Found Deotzekh's General Store.
  1715 | D:3      | Found a hazy altar of Hepliaklqana.
  1817 | D:3      | Noticed an ogre
  2103 | D:4      | Noticed an ogre
  2105 | D:4      | Killed an ogre
  2106 | D:4      | Reached skill level 5 in Unarmed Combat
  2106 | D:4      | Reached XP level 6. HP: 61/61 MP: 5/5
  2250 | D:4      | Noticed a steam dragon
  2258 | D:4      | Killed a steam dragon
  2259 | D:4      | Reached skill level 6 in Unarmed Combat
  2376 | D:4      | Reached XP level 7. HP: 67/67 MP: 6/6
  2560 | D:4      | Reached skill level 7 in Unarmed Combat
  2588 | D:4      | Reached skill level 8 in Unarmed Combat
  3237 | D:5      | Entered Level 5 of the Dungeon
  3244 | D:5      | Identified the +10 battleaxe of Ywnoduu {venom, rF+ Stlth+}
  3324 | D:5      | Reached skill level 1 in Throwing
  3324 | D:5      | Reached XP level 8. HP: 72/75 MP: 7/7
  3380 | D:5      | Noticed Sigmund
  3392 | D:5      | Killed Sigmund
  3484 | D:5      | Reached skill level 9 in Unarmed Combat
  3496 | D:5      | Noticed Edmund
  3510 | D:5      | Killed Edmund
  3734 | D:5      | Found an ancient bone altar of Kikubaaqudgha.
  3821 | D:6      | Noticed Blork the orc
  3830 | D:6      | Killed Blork the orc
  3903 | D:6      | Reached skill level 10 in Unarmed Combat
  4052 | D:6      | Reached XP level 9. HP: 67/81 MP: 8/8
  4185 | D:6      | Reached skill level 5 in Throwing
  4438 | D:6      | Found a sacrificial altar of Ru.
  4693 | D:7      | Found a staircase to the Ecumenical Temple.
  4699 | Temple   | Entered the Ecumenical Temple
  4755 | Temple   | Became a worshipper of the Wu Jian Council
  5220 | D:7      | Reached skill level 11 in Unarmed Combat
  5233 | D:7      | Noticed a two-headed ogre
  5244 | D:7      | Killed a two-headed ogre
  5360 | D:7      | Reached XP level 10. HP: 70/91 MP: 6/9
  5411 | D:7      | Noticed an eight-headed hydra
  5416 | D:7      | Noticed a gargoyle
  5418 | D:7      | Slain by a ten-headed hydra

Illustrated notes

Levels and vault maps discovered:
D:1:      shiori_shiawase, layout_rooms, nicolae_ecumenical_snake_handling,
          minmay_hexomino_u4
D:2:      layout_rooms, uniq_terence, uniq_crazy_yiuf_cottage, uniq_jessica
D:3:      layout_basic, marbit_many_paths, serial_shops, shop,
          minmay_misc_feat_cross, minmay_misc_feat_secret_circle,
          minmay_ogre_servants
D:4:      layout_basic, kennysheep_generic_room_9
D:5:      layout_rooms, kennysheep_mini, uniq_edmund, uniq_sigmund
D:6:      layout_rooms, nicolae_ru_the_path_less_chosen, uniq_blork_the_orc
D:7:      layout_loops_ring, minmay_temple_entry_hall, serial_shops,
          shop_fountains, kennysheep_nub, minmay_the_grid_2x2
          [minmay_the_grid_pillar_ring, minmay_the_grid_spikes,
          minmay_the_grid_minigrid_large, minmay_the_grid_prize_shrinking_boxes]
Temple:   eino_temple_water

Skill      XL: |  1  2  3  4  5  6  7  8  9 |
---------------+----------------------------+-----
Shields        | 3 |  3.2
Fighting       | 3 |  3.0
Unarmed Combat | 4 5 6 8 10 11 | 11.7
Throwing       | 1 4 7 |  7.3
Dodging        | |  2.9

Action                   |  1- 3 |  4- 6 |  7- 9 | 10-12 || total
-------------------------+-------+-------+-------+-------++-------
Melee: Unarmed           |    94 |   131 |   256 |    20 ||   501
Throw: Large rock        |       |     7 |     4 |       ||    11
Invok: Lunge             |       |       |     2 |       ||     2
  Use: Scroll            |       |     6 |     4 |     1 ||    11
       Potion            |       |       |     1 |       ||     1
Armor: Robe              |    21 |    37 |    54 |     7 ||   119
       Steam dragon scal |       |       |    30 |       ||    30
Dodge: Dodged            |    28 |    31 |    65 |    11 ||   135
Block: Kite shield       |    39 |    40 |    74 |    14 ||   167
